AoeStats
← DMacareno95

Black Forest

509971215Analyzed
3v3 RM · 3d ago on Sep 28, 2026· 59m 51s· 6 players
Game mode
Random Map
Map size
Normal (6 player)
Population
200
Speed
Normal
Resources
Standard
Victory
Conquest
Starting age
Dark Age
Ending age
Imperial Age
RankedLock teamsTeams togetherTeam positionsShared explorationLock speedFull tech treeHidden civsTurbo modeCheats
Victory
Defeat
🇪🇸 Khmer · Spain
1018
+13
🇪🇸 Spanish · Spain
977
+15
🇪🇸 Burgundians · Spain
935
+17
🇦🇹 Chinese · Austria
1000
-17
🇦🇹 Turks · Austria
945
-15
🇦🇹 Franks · Austria
912
-13
The Machine
5:48 Loom
13:38 Feudal Age
19:03 Castle Age
16:57 Fishing Lines
18:19 Horse Collar
18:26 Double-Bit Axe
21:40 Bow Saw
22:05 Heavy Plow
22:47 Wheelbarrow
24:43 Hand Cart
26:07 Gillnets
28:27 Caravan
30:31 Fletching
30:41 Padded Archer Armor
34:49 Ballistics
37:06 Imperial Age
35:01 Bodkin Arrow
35:22 Leather Archer Armor
37:14 Elite Janissary
38:06 Bracer
38:37 Ring Archer Armor
39:51 Town Watch
40:13 Murder Holes
40:57 Conscription
40:11 Sappers
40:47 Town Patrol
41:54 Two-Man Saw
Garry
11:48 Feudal Age
12:43 Horse Collar
12:58 Double-Bit Axe
14:09 Loom
17:55 Castle Age
19:32 Bow Saw
19:58 Heavy Plow
21:05 Wheelbarrow
21:22 Gold Mining
21:25 Stone Mining
22:47 Gold Mining
23:02 Fletching
23:13 Padded Archer Armor
26:37 Forging
26:24 Bodkin Arrow
26:45 Leather Archer Armor
27:17 Hand Cart
29:37 Town Watch
35:07 Imperial Age
36:03 Gold Shaft Mining
36:53 Two-Man Saw
36:34 Conscription
36:16 Bracer
36:47 Ring Archer Armor
38:18 Town Patrol
38:33 Forging
38:30 Scale Barding Armor
38:49 Ballistics
39:31 Chemistry
37:54 Elite Chu Ko Nu
38:55 Great Wall
38:29 Heavy Rocket Cart
39:39 Caravan
42:35 Thumb Ring
42:46 Masonry
43:01 Scale Mail Armor
43:37 Iron Casting
46:19 Bombard Tower
46:32 Architecture
48:10 Chain Barding Armor
48:51 Blast Furnace
47:28 Pikeman
48:16 Squires
48:06 Arson
49:51 Capped Ram
53:53 Halberdier
chrisi
7:27 Loom
11:39 Feudal Age
17:46 Castle Age
19:15 Double-Bit Axe
20:10 Bow Saw
20:40 Wheelbarrow
25:54 Hand Cart
29:57 Caravan
32:45 Husbandry
36:11 Imperial Age
36:26 Cavalier
38:03 Forging
37:58 Scale Barding Armor
37:55 Scale Mail Armor
37:48 Fletching
37:58 Padded Archer Armor
37:50 Paladin
41:08 Chemistry
40:31 Ballistics
40:23 Masonry
41:08 Light Cavalry
43:02 Iron Casting
42:47 Chain Barding Armor
56:19 Blast Furnace
55:54 Plate Barding Armor
DMacareno95
0:32 Loom
12:55 Feudal Age
13:21 Double-Bit Axe
13:39 Horse Collar
18:33 Wheelbarrow
22:00 Castle Age
23:25 Gold Mining
23:28 Stone Mining
24:31 Bow Saw
24:23 Heavy Plow
24:50 Caravan
28:09 Gold Shaft Mining
27:59 Ballistics
29:01 Hand Cart
32:16 Stone Shaft Mining
33:56 Scale Barding Armor
34:02 Forging
35:31 Fortified Wall
35:17 Murder Holes
40:20 Imperial Age
39:12 Masonry
39:57 Chain Barding Armor
39:37 Scale Mail Armor
40:13 Iron Casting
39:28 Fletching
39:39 Padded Archer Armor
40:22 Elite Ballista Elephant
41:37 Hoardings
41:38 Crop Rotation
41:47 Plate Barding Armor
41:33 Double Crossbow
41:54 Conscription
41:42 Tusk Swords
41:54 Heavy Scorpion
43:39 Chain Mail Armor
44:24 Blast Furnace
43:19 Bodkin Arrow
44:16 Leather Archer Armor
45:34 Husbandry
45:44 Bloodlines
44:55 Elite Battle Elephant
46:11 Town Watch
46:41 Siege Engineers
47:07 Architecture
47:38 Chemistry
48:13 Bracer
49:50 Ring Archer Armor
Pitroque
0:48 Loom
12:31 Feudal Age
14:13 Horse Collar
14:20 Double-Bit Axe
17:35 Gold Mining
18:41 Heavy Plow
22:00 Castle Age
23:01 Bow Saw
23:55 Gold Shaft Mining
24:02 Stone Mining
27:34 Wheelbarrow
35:00 Imperial Age
33:26 Stone Shaft Mining
33:49 Scale Barding Armor
33:55 Forging
34:12 Caravan
34:41 Burgundian Vineyards
35:09 Hand Cart
34:29 Cavalier
35:09 Husbandry
34:29 Light Cavalry
35:50 Fortified Wall
36:42 Chemistry
36:22 Onager
36:27 Paladin
38:07 Fishing Lines
40:58 Conscription
41:15 Hoardings
41:01 Masonry
40:47 Murder Holes
41:12 Ballistics
41:17 Chain Barding Armor
41:32 Iron Casting
46:52 Plate Barding Armor
46:17 Scale Mail Armor
50:43 Hussar
52:38 Blast Furnace
51:04 Elite Coustillier
59:46 Bombard Tower
59:56 Architecture
59:07 Treadmill Crane
migueltejera
0:27 Loom
12:24 Feudal Age
12:58 Double-Bit Axe
12:56 Horse Collar
21:01 Castle Age
21:39 Wheelbarrow
23:47 Caravan
24:41 Hand Cart
26:01 Gold Mining
26:16 Heavy Plow
26:44 Bow Saw
29:07 Stone Mining
29:48 Hand Cart
30:00 Fortified Wall
30:49 Stone Shaft Mining
30:49 Coinage
30:28 Scale Mail Armor
34:48 Imperial Age
34:52 Scale Barding Armor
35:03 Chain Mail Armor
34:58 Forging
34:49 Padded Archer Armor
34:39 Fletching
35:59 Ballistics
36:40 Chemistry
35:36 Murder Holes
36:40 Supremacy
36:46 Chain Barding Armor
36:59 Banking
36:40 Guilds
37:03 Plate Mail Armor
36:06 Cavalier
37:50 Husbandry
38:59 Redemption
38:50 Atonement
39:16 Illumination
38:51 Devotion
39:12 Sanctity
38:50 Pikeman
39:30 Squires
39:21 Paladin
41:40 Plate Barding Armor
41:41 Iron Casting
41:22 Leather Archer Armor
41:02 Bodkin Arrow
40:47 Onager
46:38 Blast Furnace
46:09 Ring Archer Armor
45:40 Bracer
45:42 Halberdier
Connection lost

Rejoining the realm…

Still unreachable

The connection could not be restored.

Session expired

The server has moved on; the page needs a fresh start.